 Dungeon Crawl Stone Soup version 0.20-a0-2-g2b0e13a (webtiles) character file.

1505 Kaname the Tainter (level 8, -1/52 HPs)
             Began as a Demonspawn Venom Mage on Oct 28, 2016.
             Was a Believer of Okawaru.
             Shot with an arrow by a centaur (13 damage)
             ... on level 5 of the Dungeon on Oct 29, 2016.
             The game lasted 00:31:09 (7708 turns).

Kaname the Tainter (Demonspawn Venom Mage)          Turns: 7708, Time: 00:31:09

Health: -1/52      AC:  4    Str:  9    XL:     8   Next: 52%
Magic:  14/14      EV: 11    Int: 19    God:    Okawaru [**....]
Gold:   154        SH:  0    Dex: 13    Spells: 4 memorised, 2 levels left

rFire  + . .     SeeInvis .     v - +4 quarterstaff (chaos)
rCold  . . .     Gourm    .     m - +0 leather armour
rNeg   . . .     Faith    .     (shield currently unavailable)
rPois  .         Spirit   .     (helmet restricted)
rElec  .         Reflect  .     w - +0 cloak
rCorr  .         Harm     .     (no gloves)
MR     .....                    (no boots)
Stlth  ++........               (no amulet)
                                (no ring)
                                (no ring)

@: no status effects
A: antennae 2, fire resistance 1
a: Heroism, Renounce Religion


You were on level 5 of the Dungeon.
You worshipped Okawaru.
Okawaru was pleased with you.
You were not hungry.

You visited 1 branch of the dungeon, and saw 5 of its levels.
You also visited: Ossuary.

You collected 154 gold pieces.

Inventory:

Hand Weapons
 l - a +0 blowgun
 v - a +4 quarterstaff of chaos (weapon)
Missiles
 s - 3 curare-tipped needles
 t - 13 needles of sleeping
 u - 3 poisoned needles
Armour
 m - a +0 leather armour (worn)
 w - a +0 cloak (worn)
Wands
 j - a wand of slowing (24/48)
 r - a wand of lightning (5/15)
Scrolls
 d - 2 scrolls of remove curse
 e - 2 scrolls of magic mapping
 k - a scroll of teleportation
 n - a scroll of blinking {unknown}
 o - a scroll of identify {unknown}
 q - a scroll of fog {unknown}
Potions
 a - 2 potions of curing
 f - a potion of agility
 g - a potion of cure mutation {unknown}
 h - a potion of ambrosia
 i - 2 potions of heal wounds {unknown}
Books
 b - a Young Poisoner's Handbook

   Spells                             Type                      Level
   a - Sting                          Conjuration/Poison           1
   b - Mephitic Cloud                 Conjuration/Poison/Air       3
   c - Olgreb's Toxic Radiance        Poison                       4
   d - Alistair's Intoxication        Transmutation/Poison         5
   e - Venom Bolt                     Conjuration/Poison           5
Comestibles
 c - 2 bread rations


   Skills:
 - Level 1.7 Dodging
 - Level 1.7 Stealth
 - Level 4.2 Spellcasting
 + Level 4.8 Conjurations
 - Level 2.0 Air Magic
 - Level 8.1 Poison Magic
 + Level 4.8 Invocations


You had 2 spell levels left.
You knew the following spells:

 Your Spells              Type           Power        Failure   Level  Hunger
a - Sting                 Conj/Pois      ####         1%          1    None
b - Mephitic Cloud        Conj/Pois/Air  ###.....     10%         3    ###....
c - Olgreb's Toxic Radia  Pois           #####...     10%         4    ####...
d - Venom Bolt            Conj/Pois      ####......   38%         5    ######.


Dungeon Overview and Level Annotations

Branches:
Dungeon (5/15)
 Temple: D:4-7

Altars:
Okawaru
Qazlal
Zin

Shops:
D:5 [


Innate Abilities, Weirdness & Mutations

You have a pair of antennae on your head.
Your flesh is heat resistant. (rF+)


Message History

You can't see any susceptible monsters within range! (Use Z to cast anyway.)
Casting: Mephitic Cloud
Confirm with . or Enter, or press ? or * to list all spells.
Aiming: Mephitic Cloud
Press: ? - help, Shift-Dir - straight line
Okay, then.
The centaur shoots an arrow.
The arrow hits you!
* * * LOW HITPOINT WARNING * * *
You see here an arrow.
You feel better. The shadow imp gestures at you.
You struggle to resist.
The bullfrog zombie hits you.
* * * LOW HITPOINT WARNING * * *
The centaur shoots an arrow.
The arrow hits you.
* * * LOW HITPOINT WARNING * * *
Found a stone staircase leading down.
You see here an arrow.
The centaur shoots an arrow.
The arrow hits you!
You die...

#.....# .......#....+
#.....#
#...............#
#.....#
#...............+
#.....#
#.......###.....#
#.....# #.......#
#.....# #.....#
#.......# ....#
#.....# #.....>.#
....# #.....#
#.......#
#.....########@####..
#...........5(.>......
#.......$..(Z.....####
#......(..........#
######
#...[...((........#
#.....
#####.......c.....#
#..... #.............#
#..... #......l......#
#..... #.............#
######.....


You could see a centaur, a shadow imp, a bullfrog zombie and a leopard gecko
(wandering).

Vanquished Creatures
  Pikel (D:4)
  Menkaure (D:4)
  4 slaves (D:4)
  A phantom (D:4)
  A centaur (D:5)
  2 elf zombies (Ossuary)
  A bullfrog (D:5)
  A scorpion (D:4)
  A crimson imp (D:5)
  A centaur zombie (Ossuary)
  A jelly (D:3)
  A hound (D:5)
  A human zombie (Ossuary)
  Crazy Yiuf (D:4)
  A centaur skeleton (D:4)
  An orc wizard (D:3)
  An iguana (D:4)
  2 big kobold zombies (Ossuary)
  2 mummies (Ossuary)
  Robin (D:2)
  3 gnolls (D:3)
  4 adders
  2 adder zombies
  A worm (D:3)
  5 dart slugs
  2 leopard geckos
  3 orcs (D:3)
  2 ball pythons
  3 giant cockroaches
  17 goblins
  14 hobgoblins
  9 jackals
  11 kobolds
  2 quokkas
  8 bats
  10 frilled lizards
  A goblin zombie (Ossuary)
  7 hobgoblin zombies (Ossuary)
  A jackal zombie (Ossuary)
  12 kobold zombies (Ossuary)
  A leopard gecko skeleton (D:3)
  7 orc zombies (Ossuary)
  7 rats
  A rat zombie (Ossuary)
159 creatures vanquished.

Notes
Turn   | Place    | Note
-------+----------+-------------------------------------------
     0 | D:1      | Kaname the Demonspawn Venom Mage began the quest for the Orb.
     0 | D:1      | Reached XP level 1. HP: 13/13 MP: 3/3
     3 | D:1      | Noticed an electric eel
     3 | D:1      | Noticed an electric eel
    45 | D:1      | Reached skill level 1 in Conjurations
   434 | D:1      | Gained mutation: You have a pair of small antennae on your head. [demonic ancestry]
   434 | D:1      | Reached XP level 2. HP: 6/19 MP: 0/5
  1347 | D:2      | Reached XP level 3. HP: 24/24 MP: 3/6
  1757 | D:2      | Noticed Robin
  1985 | D:2      | Killed Robin
  1996 | D:2      | Reached XP level 4. HP: 20/30 MP: 3/7
  2326 | D:3      | Found an iron altar of Okawaru.
  2490 | D:3      | Learned a level 3 spell: Mephitic Cloud
  2601 | D:3      | Reached XP level 5. HP: 13/35 MP: 2/9
  2927 | D:3      | Learned a level 4 spell: Olgreb's Toxic Radiance
  3374 | D:3      | Became a worshipper of Warmaster Okawaru
  3939 | D:4      | Found a glowing silver altar of Zin.
  3940 | D:4      | Noticed Menkaure
  3951 | D:4      | Noticed a phantom
  3970 | D:4      | Noticed Pikel
  3978 | D:4      | Noticed a slave
  3978 | D:4      | Noticed a slave
  3985 | D:4      | Found a stormy altar of Qazlal.
  3986 | D:4      | Noticed a slave
  3987 | D:4      | Noticed a slave
  4015 | D:4      | HP: 1/35 [cloud of noxious fumes (3)]
  4039 | D:4      | Found a sand-covered staircase.
  4046 | D:4      | Killed a slave
  4046 | D:4      | Killed a slave
  4049 | D:4      | Killed a slave
  4083 | Ossuary  | Entered an ossuary
  4632 | Ossuary  | Gained mutation: Your flesh is heat resistant. (rF+) [demonic ancestry]
  4632 | Ossuary  | Reached XP level 6. HP: 41/41 MP: 12/12
  4700 | Ossuary  | Reached skill level 1 in Air Magic
  5242 | Ossuary  | Reached * piety under Okawaru
  5242 | Ossuary  | Reached skill level 5 in Poison Magic
  5244 | Ossuary  | Gained mutation: You have a pair of antennae on your head. [demonic ancestry]
  5244 | Ossuary  | Reached XP level 7. HP: 29/46 MP: 13/13
  5620 | D:4      | Killed Pikel
  5620 | D:4      | Reached skill level 7 in Poison Magic
  6241 | D:4      | Reached skill level 1 in Invocations
  6241 | D:4      | Reached XP level 8. HP: 15/52 MP: 14/14
  6777 | D:4      | Killed Menkaure
  6777 | D:4      | Reached skill level 8 in Poison Magic
  6848 | D:4      | Found a runed door.
  6935 | D:4      | Noticed Crazy Yiuf
  6942 | D:4      | Killed Crazy Yiuf
  7035 | D:5      | Entered Level 5 of the Dungeon
  7152 | D:5      | Found Bebbaetz's Armour Emporium.
  7462 | D:5      | Reached ** piety under Okawaru
  7618 | D:5      | Learned a level 5 spell: Venom Bolt
  7708 | D:5      | Shot with an arrow by a centaur

Vault maps used:
D:1:      arrival_aquarium_b
D:2:      first_bread, uniq_robin
D:3:      hangedman_decor_opposing, okawaru_metal_pillars_1_2
D:4:      zin_academy, nicolae_ossuary_entry_plus, grunt_qazlal_clouds,
          uniq_menkaure, uniq_crazy_yiuf_cottage, uniq_pikel
D:5:      serial_shops, nicolae_shop_crystal, kennysheep_mini_moat,
          nicolae_shop_stone, kennysheep_generic_room_15
Ossuary:  ossuary_tomb_1

Skill      XL: |  1  2  3  4  5  6  7  8 |
---------------+-------------------------+-----
Conjurations   | 1 2 3 4 |  4.8
Spellcasting   | 4 |  4.2
Air Magic      | 2 |  2.0
Poison Magic   | 5 7 8 |  8.1
Invocations    | 1 4 |  4.8
Dodging        | |  1.7
Stealth        | |  1.7

Action                   |  1- 3 |  4- 6 |  7- 9 || total
-------------------------+-------+-------+-------++-------
Melee: Unarmed           |    53 |       |       ||    53
       Dagger            |    70 |       |       ||    70
       Trident           |       |   186 |    72 ||   258
       Whip              |       |    73 |       ||    73
       Quarterstaff      |       |       |    36 ||    36
 Cast: Sting             |    63 |    20 |    10 ||    93
       Mephitic Cloud    |       |     2 |     4 ||     6
       Olgreb's Toxic Ra |       |       |     4 ||     4
Evoke: Wand              |       |     7 |       ||     7
  Use: Scroll            |     2 |     6 |     1 ||     9
       Potion            |       |     2 |     7 ||     9
 Stab: Sleeping          |     1 |     3 |       ||     4
       Invisible         |       |     4 |       ||     4
       Distracted        |       |       |     2 ||     2
  Eat: Chunk             |     4 |     6 |     3 ||    13
       Fruit             |       |     3 |       ||     3
       Meat ration       |       |     1 |       ||     1
       Bread ration      |       |       |     1 ||     1
Armor: Robe              |    23 |       |       ||    23
       Leather armour    |    17 |    54 |    23 ||    94
Dodge: Dodged            |    89 |   136 |    71 ||   296
